 Dungeon Crawl Stone Soup version 0.28.0-43-g3370ac3207 (webtiles) character file.

Game seed: 14056882080113776806

298 graymark the Shield-Bearer (level 6, -1/49 HPs)
             Began as a Formicid Fighter on Mar 2, 2022.
             Slain by a killer bee (6 damage)
             ... on level 4 of the Dungeon.
             The game lasted 00:05:33 (4309 turns).

graymark the Shield-Bearer (Formicid Fighter)       Turns: 4309, Time: 00:05:34

Health: -1/49      AC:  7    Str: 28    XL:     6   Next: 62%
Magic:  6/6        EV: 10    Int:  8    God:
Gold:   196        SH:  5    Dex: 10    Spells: 5/5 levels left

rFire   . . .      SeeInvis +   a - +0 war axe
rCold   . . .      Faith    .   c - +0 buckler
rNeg    . . .      Spirit   .   b - +0 scale mail
rPois   .          Reflect  .   (helmet unavailable)
rElec   .          Harm     .   (no cloak)
rCorr   .          Rampage  .   (no gloves)
Will    .....                   (no boots)
Stlth   ..........              (no amulet)
HPRegen 0.16/turn               h - +6 ring of strength
MPRegen 0.10/turn               (no ring)

@: brilliant
A: permanent stasis, dig shafts and tunnels, antennae 3, four strong arms
a: Dig, Shaft Self


You were on level 4 of the Dungeon.
You visited 1 branch of the dungeon, and saw 5 of its levels.
You also visited: Sewer.

You collected 196 gold pieces.

Inventory:

Hand Weapons
 a - a +0 war axe (weapon)
 z - a +2 hand axe of freezing
Armour
 b - a +0 scale mail (worn)
 c - a +0 buckler (worn)
 q - a +0 pair of boots
Jewellery
 h - a +6 ring of strength (left hand)
 C - a ring of ice
Scrolls
 e - a scroll of amnesia {unknown}
 g - 2 scrolls of enchant armour {unknown}
 i - a scroll of fear {unknown}
 j - a scroll of summoning {unknown}
 k - a scroll of vulnerability {unknown}
 l - a scroll of noise {unknown}
 m - a scroll of silence {unknown}
 o - a scroll of immolation {unknown}
 s - 2 scrolls of identify {unknown}
 t - a scroll of acquirement {unknown}
 w - a scroll of enchant weapon {unknown}
 y - a scroll of fog {unknown}
Potions
 d - a potion of magic {unknown}
 f - a potion of curing
 n - a potion of brilliance
 p - a potion of haste {unknown}
 r - a potion of lignification {unknown}
 u - a potion of mutation {unknown}
 v - a potion of heal wounds {unknown}
 x - a potion of might
 A - 2 potions of resistance {unknown}
 B - a potion of flight {unknown}


   Skills:
 + Level 4.4 Fighting
 + Level 3.3 Axes
 + Level 4.4 Armour
 + Level 2.2 Dodging
 + Level 4.9 Shields


You had 5 spell levels left.
You didn't know any spells.
Your spell library was empty.

Dungeon Overview and Level Annotations

Branches:
Dungeon (5/15)              Sewer (visited)
 Temple: D:4-7

Altars:

Shops:
D:5 :

Annotations:
D:4 exclusion: downstairs


Innate Abilities, Weirdness & Mutations

You cannot be hasted, slowed, berserked, paralysed or teleported.
You can dig through walls and to a lower floor.
You have a pair of large antennae on your head. (SInv)
Your four strong arms can wield two-handed weapons with a shield.


Message History

You block the killer bee's attack.
You hit the killer bee but do no damage.
The killer bee is lightly wounded.
You feel sick. The killer bee stings you.
The killer bee stings you but does no damage.
The killer bee closely misses you.
You are too injured to fight recklessly!
You barely miss the killer bee.
The killer bee is lightly wounded.
You feel sick. The killer bee barely misses you. The killer bee stings you.
You are more poisoned.
The killer bee poisons you!
You are too injured to fight recklessly!
You barely miss the killer bee.
The killer bee is lightly wounded.
You feel very sick. The killer bee barely misses you.
You block the killer bee's attack.
The killer bee stings you but does no damage.
You miss the killer bee.
The killer bee is lightly wounded.
You feel very sick. You block the killer bee's attack.
The killer bee stings you.
* * * LOW HITPOINT WARNING * * *
You are lethally poisoned!
The killer bee poisons you! You block the killer bee's attack.
It was a potion of brilliance.
You feel clever all of a sudden.
* * * LOW HITPOINT WARNING * * *
You feel very sick.
The killer bee stings you but does no damage.
The killer bee barely misses you.
It was a potion of curing.
You feel better. The killer bee stings you!
* * * LOW HITPOINT WARNING * * *
The killer bee stings you but does no damage.
Okay, then.
Okay, then.
You barely miss the killer bee.
The killer bee is lightly wounded.
You block the killer bee's attack. The killer bee stings you.
You die...

#.......##..#####.#.##########
#.....<..........(.........#
#.......##...####.#.######.#
#.......###..# #.#.# #.#
#.......# #..## #.#.# #.#
#.......# #...# #.#.######.#
#.......# ##..# #..........#
###'##### #.y#####.########
#.###### ##@....#.# #.#....#
#####.#.# #.#.##.# #.#.#
#....#.# #.#.# ###..#.# #.#.#
# #..#.# #.#.########## #..#.#
#.#...[.....## ####.#
#.#########.## #.########.#
#...##


You could see a killer bee.

Vanquished Creatures
  Pargi (Sewer)
  Crazy Yiuf (D:4)
  A jelly (D:4)
  5 adders
  A river rat (D:4)
  A white imp (D:3)
  An adder skeleton (D:4)
  A worm (D:4)
  A dart slug (D:1)
  6 ball pythons
  5 endoplasms
  4 giant cockroaches
  3 goblins
  5 hobgoblins
  4 jackals (D:1)
  A quokka (D:2)
  6 bats
  2 frilled lizards (D:1)
  15 kobolds
  9 rats
73 creatures vanquished.

Notes
Turn   | Place    | Note
-------+----------+-------------------------------------------
     0 | D:1      | graymark the Formicid Fighter began the quest for the Orb.
     0 | D:1      | Reached XP level 1. HP: 18/18 MP: 1/1
    83 | D:1      | Reached XP level 2. HP: 9/24 MP: 2/2
   373 | D:1      | Reached XP level 3. HP: 22/29 MP: 3/3
   749 | D:1      | Found a faded altar of an unknown god.
   984 | D:2      | Reached skill level 1 in Dodging
  1472 | D:2      | Found a runed translucent door.
  1473 | D:2      | Noticed Crazy Yiuf
  1647 | D:3      | Reached XP level 4. HP: 26/37 MP: 4/4
  2922 | D:4      | Killed Crazy Yiuf
  2923 | D:4      | Reached XP level 5. HP: 36/42 MP: 5/5
  2983 | D:4      | Found a glowing drain.
  2987 | Sewer    | Entered a sewer
  3047 | Sewer    | Noticed Pargi
  3059 | Sewer    | Killed Pargi
  3060 | Sewer    | Reached XP level 6. HP: 15/48 MP: 6/6
  4257 | D:5      | Entered Level 5 of the Dungeon
  4257 | D:5      | Noticed an ogre
  4257 | D:5      | Found Tebeig's Book Shop.
  4309 | D:4      | Slain by a killer bee

Illustrated notes

Levels and vault maps discovered:
D:1:      dpeg_arrival_boxes_within_box, layout_rooms,
          nicolae_ecumenical_snake_handling, minmay_distorted
D:2:      layout_rooms, minmay_misc_feat_chi, uniq_crazy_yiuf_cottage
D:3:      layout_basic
D:4:      layout_basic, gup_sewer_entry_spiral, minmay_circle_x
D:5:      layout_rooms, minmay_temple_entry_glass, serial_shops,
          nicolae_stop_n_shop_2, dk_noncrumbling_2, minmay_diced_spiral,
          uniq_sigmund

Skill      XL: |  1  2  3  4  5 |
---------------+----------------+-----
Shields        | 4 |  4.9
Dodging        | 1 2 |  2.2
Fighting       | 4 |  4.4
Armour         | 4 |  4.4
Axes           | 3 |  3.3

Action                   |  1- 3 |  4- 6 || total
-------------------------+-------+-------++-------
Melee: War axe           |    82 |   102 ||   184
       Hand axe          |       |     6 ||     6
 Abil: Dig               |     4 |       ||     4
  Use: Potion            |       |     3 ||     3
Armor: Scale mail        |    41 |    54 ||    95
Dodge: Dodged            |    39 |    64 ||   103
Block: Buckler           |    19 |    23 ||    42
